 Dungeon Crawl Stone Soup version 0.23.2-40-g277498a001 (webtiles) character file.

Game seed: 16515693990952918816

1760760 XoMute the Axe Maniac (level 27, 273/273 HPs)
             Began as a Minotaur Berserker on Sept 1, 2019.
             Was the Champion of Trog.
             Escaped with the Orb
             ... and 3 runes!
             The game lasted 04:33:46 (67732 turns).

XoMute the Axe Maniac (Minotaur Berserker)         Turns: 67732, Time: 04:33:47

Health: 273/273    AC: 43    Str: 32      XL:     27
Magic:  28/28      EV: 27    Int:  3 (4)  God:    Trog [******]
Gold:   5650       SH:  0    Dex: 21      Spells: 26/26 levels left

rFire    + + +     SeeInvis +   P - +9 executioner's axe (chop)
rCold    + + +     Gourm    .   (shield currently unavailable)
rNeg     + . .     Faith    .   D - +9 gold dragon scales
rPois    +         Spirit   .   J - +2 hat {SInv}
rElec    +         Reflect  .   z - scarf {rC+ rF+}
rCorr    .         Harm     .   I - +1 pair of gloves
MR       +++++     Rnd*Rage +   q - +0 pair of boots
Stlth    ..........             a - amulet of Xom's Approval {Acrobat *Drain rElec MR+++ Dex-3}
HPRegen  0.55/turn              v - ring "Eroajugg" {rF+ rC+ Str+3 Dex+8}
MPRegen  0.21/turn              p - ring "Ofopnaex" {rPois rF+ rN+ MR+ Dex+2}

@: studying Bows
A: retaliatory headbutt, horns 2, berserk 1, clumsy 1, low mp 1, inhibited
regeneration
0: Orb of Zot
}: 3/15 runes: decaying, silver, gossamer
a: Berserk, Trog's Hand, Brothers in Arms, Renounce Religion


You escaped.
You worshipped Trog.
Trog was exalted by your worship.
You were full.

You visited 10 branches of the dungeon, and saw 50 of its levels.
You also visited: Trove and Bailey.

You collected 8813 gold pieces.
You spent 3163 gold pieces at shops.

Inventory:

Hand Weapons
 g - the +12 battleaxe of Dividends {flame, rN+ Int+8}
   (Trog gifted it to you on level 1 of the Vaults)

   It has been specially enchanted to burn those struck by it, causing extra
   injury to most foes and up to half again as much damage against particularly
   susceptible opponents.
   Big, fiery blades are also staple armaments of hydra-hunters.
   It affects your intelligence (+8).
   It protects you from negative energy.
 y - the +0 executioner's axe of Qoitay Lychu {protect, MR+++ Int-5 Dex+4 Stlth-}
   (You found it in a treasure trove)

   It protects the one who uses it against injury (+AC on strike).
   It affects your intelligence (-5).
   It affects your dexterity (+4).
   It affects your resistance to hostile enchantments.
   It makes you less stealthy.
 P - a +9 executioner's axe of chopping (weapon)
Armour
 q - a +0 pair of boots (worn)
 z - a scarf of resistance (worn)
 D - +9 gold dragon scales (worn)
 I - a +1 pair of gloves (worn)
 J - a +2 hat of see invisible (worn)
Jewellery
 a - the amulet of Xom's Approval (around neck) {Acrobat *Drain rElec MR+++ Dex-3}
   (You found it on level 1 of the Depths)

   [amulet of the acrobat]

   It helps you evade while moving and waiting.
   It affects your dexterity (-3).
   It insulates you from electricity.
   It affects your resistance to hostile enchantments.
   It causes draining when unequipped.
 p - the ring "Ofopnaex" (right hand) {rPois rF+ rN+ MR+ Dex+2}
   (You found it on level 3 of the Lair of Beasts)

   [ring of protection from magic]

   It affects your dexterity (+2).
   It protects you from fire.
   It protects you from poison.
   It protects you from negative energy.
   It affects your resistance to hostile enchantments.
 v - the ring "Eroajugg" (left hand) {rF+ rC+ Str+3 Dex+8}
   (You took it off a yaktaur captain on level 5 of the Vaults)

   [ring of protection from cold]

   It affects your strength (+3).
   It affects your dexterity (+8).
   It protects you from fire.
   It protects you from cold.
Wands
 f - a wand of flame (21)
 Q - a wand of iceblast (51)
 S - a wand of polymorph (3)
 W - a wand of digging (9)
Scrolls
 d - 22 scrolls of remove curse
 e - 7 scrolls of identify
 i - 21 scrolls of teleportation
 j - 10 scrolls of magic mapping
 l - 2 scrolls of holy word
 o - 6 scrolls of fog
 C - 5 scrolls of enchant weapon
 F - 2 scrolls of brand weapon
 M - 2 scrolls of summoning
 O - 3 scrolls of fear
 R - a scroll of blinking
Potions
 b - 10 potions of magic
 k - 36 potions of curing
 m - 8 potions of haste
 r - 9 potions of agility
 s - 4 potions of brilliance
 t - a potion of berserk rage
 u - 9 potions of flight
 w - 4 potions of ambrosia
 B - 7 potions of resistance
 K - 8 potions of mutation
 L - 3 potions of heal wounds (quivered)
 N - 2 potions of invisibility
 U - a potion of cancellation
 X - 3 potions of might
Books
 Y - a manual of Bows
Miscellaneous
 G - a phantom mirror
 T - 3 sacks of spiders
 Z - a phial of floods
Comestibles
 c - 84 rations


   Skills:
 O Level 27 Fighting
 O Level 27 Axes
 O Level 27 Armour
 O Level 27 Dodging
 + Level 13.6 Evocations


You had 26 spell levels left.
You didn't know any spells.
Your spell library was empty.

Dungeon Overview and Level Annotations

Branches:
Dungeon (15/15)            Temple (1/1) D:7            Lair (6/6) D:8
  Swamp (4/4) Lair:4       Spider (4/4) Lair:4        Slime (0/5) Lair:6
    Orc (2/2) D:9             Elf (3/3) Orc:2        Vaults (5/5) D:13
  Crypt (0/3) Vaults:3     Depths (5/5) D:15            Zot (5/5) Depths:5

Altars:
Ashenzari
Cheibriados
Dithmenos
Elyvilon
Fedhas
Gozag
Hepliaklqana
Kikubaaqudgha
Makhleb
Nemelex Xobeh
Okawaru
Qazlal
Ru
Sif Muna
Trog
Uskayaw
Vehumet
Wu Jian
Xom
Yredelemnul
Zin
The Shining One
Beogh
Jiyva

Shops:
D:4 !   D:5 **(*[}   D:10 (   Orc:2 }*!(   Vaults:5 *   Depths:1 !

Portals:
Hell: Depths:1 Depths:2 Depths:3 Depths:4 Depths:5
Abyss: Depths:4
Pandemonium: Depths:3
Ziggurat: Depths:3

Annotations:
Lair:3 exclusions: oklob plant and 1 more exclusion
Lair:6 4 runed translucent doors, Exodus22XD's ghost, journeyman MiFi
Depths:1 3 runed translucent doors


Innate Abilities, Weirdness & Mutations

You reflexively headbutt those who attack you in melee.
You have a pair of horns on your head.
You tend to lose your temper in combat.
You are clumsy. (Dex -2)
Your magical capacity is low. (-10% MP)
You do not regenerate when monsters are visible.


Message History

Press: ? - help, Shift-Dir - straight line You can't see that place. [the floor.]
The rock shatters into small pieces.
Evoke which item? (* to show all) (? for menu, Esc to quit)
Aiming: Dig
Press: ? - help, Shift-Dir - straight line You can't see that place.
The rock shatters into small pieces.
Evoke which item? (* to show all) (? for menu, Esc to quit)
Aiming: Dig
Press: ? - help, Shift-Dir - straight line You can't see that place. [the floor.]
The rock shatters into small pieces.
You enter the shallow water.
Moving in this stuff is going to be slow.
There is an open door here.
There is a staircase leading out of the dungeon here.
You have escaped!

##.## #..# ##.##
#########..######
##≈≈≈.≈≈....≈..≈≈#
##≈≈≈≈≈≈≈≈≈≈≈≈≈≈≈≈# ###
#..≈≈≈≈≈####'#≈≈≈≈# ..#
##.≈####≈#....#≈≈≈≈#
#.####..≈'.>#≈#.@>.#≈≈≈≈#
#.#....≈≈####≈#....#≈≈≈≈#
#.#.##.≈≈≈≈≈≈≈######≈≈≈≈#
#.#..#.≈≈≈≈≈≈≈≈≈≈ ≈≈##≈#
#.#..#.≈≈≈≈##≈≈≈≈ ≈≈# ≈#
#.#..#..≈≈≈##≈≈≈≈
#.#..#..≈≈≈≈≈≈≈≈≈
#.#..#.≈≈≈≈≈≈≈≈≈≈
#.####.≈≈≈≈++#≈≈


There were no monsters in sight!

Vanquished Creatures
  A pandemonium lord (Zot:2)
  5 orbs of fire (Zot:5)
  10 ancient liches
  A juggernaut (Depths:1)
  Bai Suzhen (Elf:3)
  Saint Roka (Vaults:1)
  5 Killer Klowns
  Xtahua (Depths:5)
  The ghost of eko the Executioner, a veteran MiBe of Trog (Elf:3)
  2 caustic shrikes
  9 golden dragons
  5 curse toes
  A pearl dragon (Depths:2)
  Nikola (Depths:2)
  4 electric golems
  The ghost of Ohouptodd the Devastator, an adept HuCj of Vehumet (Depths:1)
  14 tentacled monstrosities
  The ghost of SaintRoka the Fighter, an adept OgWz of Okawaru (Spider:4)
  An Ice Fiend (D:15)
  2 deep elf blademasters
  6 liches
  4 quicksilver dragons
  27 Orb Guardians
  10 titans
  An Executioner (D:8)
  An eldritch tentacle (Zot:5)
  Kirke (Swamp:3)
  9 sphinxes
  11 shadow dragons
  10 death cobs
  Roxanne (Swamp:1)
  Donald (Vaults:3)
  17 storm dragons
  A thorn hunter (Swamp:3)
  The ghost of voshxx the Peltast, an adept MiFi of Hepliaklqana (Swamp:4)
  10 tengu reavers
  19 frost giants
  6 iron dragons
  6 draconian monks
  13 deep elf sorcerers
  13 fire giants
  4 draconian knights
  Aizul (Depths:2)
  A balrug (Depths:2)
  10 vault wardens
  4 emperor scorpions
  A draconian scorcher (Zot:1)
  4 draconian shifters
  8 ghost moths
  2 draconian stormcallers
  6 deep elf elementalists
  5 draconian annihilators
  35 very ugly things
  13 ironheart preservers
  6 green draconians
  3 war gargoyles
  An apis (Depths:2)
  An ophan (Depths:2)
  The ghost of terix the Cleaver, a journeyman HOFi of Beogh (D:13)
  4 vampire knights
  23 stone giants
  9 purple draconians
  6 dire elephants (Lair:6)
  4 red draconians
  8 black draconians
  13 deep elf annihilators
  12 white draconians
  10 spark wasps
  10 deep elf demonologists
  9 entropy weavers
  9 yellow draconians
  A merfolk javelineer (Depths:2)
  Snorg (Orc:2)
  5 deep elf death magi
  14 ettins
  13 great orbs of eyes
  12 ogre magi
  11 fire dragons
  4 merfolk impalers
  A jiangshi (Depths:5)
  6 deep elf high priests
  20 yaktaur captains
  23 hydras
  Fannar (Orc:1)
  29 vault guards
  8 rakshasas
  13 ice dragons
  5 spriggan air magi
  A catoblepas (D:15)
  2 ghost crabs
  14 centaur warriors
  5 tengu warriors
  2 anacondas (Lair:6)
  26 dancing weapons
  10 orc high priests
  A two-headed ogre (shapeshifter) (Depths:3)
  19 alligators
  A shambling mangrove (Swamp:1)
  5 deep troll earth magi
  35 two-headed ogres
  4 deep troll shamans
  3 vampire magi
  6 spriggan berserkers
  Urug (Lair:6)
  A soul eater (D:9)
  18 deep elf knights
  2 sun demons (Depths:2)
  5 fire crabs (Lair:3)
  An iron troll (Depths:1)
  A fire crab (shapeshifter) (Depths:3)
  7 skeletal warriors
  The ghost of exaltech the Magician, a novice GnSk of Okawaru (D:7)
  2 storm dragon skeletons (Vaults:3)
  A glowing orange brain (shapeshifter) (Elf:1)
  A sixfirhy (D:13)
  2 shadow wraiths
  22 deep trolls
  5 glowing orange brains
  3 hell knights
  7 flayed ghosts
  5 wizards
  A spark wasp zombie (Depths:5)
  A shadow demon (D:3)
  5 unseen horrors
  A swamp dragon (shapeshifter) (Vaults:5)
  A lindwurm (shapeshifter) (Depths:5)
  13 swamp dragons
  4 harpies (Vaults:2)
  16 deep elf archers
  19 orc knights
  5 necromancers
  3 phantasmal warriors
  3 large abominations (D:8)
  19 ironbrand convokers
  A shadow dragon skeleton (Vaults:3)
  Pikel (D:6)
  15 orb spiders
  38 wolf spiders
  58 deep elf magi
  7 cyclopes
  80 ugly things
  2 orc sorcerers
  2 tengu skeletons (Vaults:3)
  2 fauns (shapeshifter)
  A stone giant skeleton (Vaults:3)
  22 moths of wrath
  17 elephants
  2 guardian serpents (shapeshifter)
  3 naga magi (Depths:3)
  A fire giant skeleton (Vaults:3)
  5 human skeletons (Vaults:3)
  11 vault sentinels
  2 black mambas
  20 spiny frogs
  2 orange demons (Zot:5)
  2 spiny frogs (shapeshifter)
  A centaur skeleton (D:14)
  A kobold demonologist (D:15)
  A rime drake (shapeshifter) (Vaults:2)
  10 demonic crawlers
  11 komodo dragons
  6 freezing wraiths
  2 yaktaur skeletons (Vaults:3)
  An efreet (D:14)
  58 yaktaurs
  A komodo dragon (shapeshifter) (Depths:3)
  2 tengu conjurers
  4 rime drakes
  A merfolk (shapeshifter) (Vaults:5)
  A queen bee (shapeshifter) (Depths:1)
  30 jumping spiders
  2 polar bears
  A wind drake (shapeshifter) (Depths:3)
  2 meliai (shapeshifter)
  6 trolls
  7 tyrant leeches
  22 hornets
  A tengu simulacrum (Vaults:3)
  Grinder (D:6)
  A raiju (shapeshifter) (Vaults:4)
  2 blink frogs (shapeshifter)
  3 blink frogs (Lair:6)
  3 bog bodies
  33 slime creatures
  An alligator zombie (Swamp:1)
  7 hippogriffs
  21 dream sheep
  An air elemental (Elf:3)
  A spriggan (shapeshifter) (Vaults:4)
  33 tarantellas
  6 wraiths
  58 redbacks
  8 spriggans
  An ettin skeleton (Vaults:3)
  43 yaks
  2 shadows
  11 water elementals
  2 golden eyes (D:15)
  A wyvern (shapeshifter) (Vaults:1)
  2 steam dragons
  A wyvern (Lair:5)
  20 vampire mosquitoes
  2 fire elementals
  3 hungry ghosts
  5 hogs (Swamp:3)
  2 tyrant leech zombies (Swamp:1)
  27 insubstantial wisps
  16 wargs
  An acid dragon (D:13)
  16 swamp worms
  3 soldier ants
  2 floating eyes
  4 hell hounds
  8 porcupines
  11 water moccasins
  A black bear (shapeshifter) (Vaults:4)
  14 swamp drakes
  A floating eye (shapeshifter) (Vaults:5)
  56 orc warriors
  A slave (D:6)
  A hornet zombie (Swamp:1)
  A black bear (D:8)
  4 ice beasts
  2 sky beasts
  2 phantoms
  32 ogres
  An elf skeleton (Vaults:3)
  21 centaurs
  12 wolves
  10 crocodiles
  10 boggarts
  A big kobold (D:15)
  18 bullfrogs
  7 earth elementals
  14 killer bees
  2 scorpions
  4 wights (D:6)
  4 electric eels
  A howler monkey (D:6)
  9 crimson imps
  4 jellies
  2 bullfrog zombies
  A quasit (D:9)
  8 hounds
  An iron imp (Depths:1)
  39 orc priests
  2 centaur zombies
  18 orc wizards
  2 bullfrog skeletons
  5 iguanas
  12 worker ants
  7 hell rats (Lair:5)
  A crocodile zombie (Swamp:1)
  2 hound skeletons (D:4)
  A howler monkey zombie (D:6)
  15 adders
  11 gnolls
  A swamp drake zombie (Swamp:1)
  5 shadow imps
  3 oozes
  An adder skeleton (D:9)
  5 worms
  4 dart slugs
  5 leopard geckos
  194 orcs
  2 ball pythons
  4 bats
  A giant cockroach (D:7)
  10 goblins
  7 hobgoblins
  9 jackals
  2 quokkas
  A frilled lizard (D:2)
  11 kobolds
  A leopard gecko skeleton (D:5)
  10 rats
  11 fungi
  16 plants
2425 creatures vanquished.

Vanquished Creatures (collateral kills)
  the Lernaean hydra (Swamp:3)
  4 deep elf sorcerers (Elf:3)
  A deep elf high priest (Elf:3)
  A spriggan air mage (Depths:5)
  3 hydras
  A dancing weapon (Elf:2)
  2 deep elf magi (Elf:2)
  A spiny frog (Lair:6)
  3 water moccasins (Lair:6)
  An earth elemental (Elf:3)
18 creatures vanquished.

Vanquished Creatures (others)
  An Orb Guardian (Zot:5)
  A hydra (Swamp:3)
  An orc warrior (Vaults:5)
  An ogre (Vaults:3)
  An orc (D:6)
  11 fungi
  9 plants
25 creatures vanquished.

Grand Total: 2468 creatures vanquished

Notes
Turn   | Place    | Note
-------+----------+-------------------------------------------
     0 | D:1      | XoMute the Minotaur Berserker began the quest for the Orb.
     0 | D:1      | Reached XP level 1. HP: 19/19 MP: 0/0
   251 | D:1      | Reached XP level 2. HP: 19/26 MP: 1/1
   753 | D:1      | Reached skill level 5 in Axes
   777 | D:1      | Reached ** piety under Trog
   777 | D:1      | Reached XP level 3. HP: 19/31 MP: 2/2
  1826 | D:2      | Reached XP level 4. HP: 36/39 MP: 3/3
  2719 | D:3      | Reached XP level 5. HP: 45/45 MP: 4/4
  3297 | D:3      | Found a sparkling altar of Nemelex Xobeh.
  3486 | D:4      | Noticed an ice beast
  3494 | D:4      | Killed an ice beast
  3494 | D:4      | Reached XP level 6. HP: 51/51 MP: 5/5
  3707 | D:4      | Found an ancient bone altar of Kikubaaqudgha.
  3887 | D:4      | Found Edoxyuk's Distillery.
  3902 | D:4      | Reached *** piety under Trog
  3906 | D:4      | Reached XP level 7. HP: 57/57 MP: 6/6
  3943 | D:4      | Bought a potion of heal wounds for 70 gold pieces
  3943 | D:4      | Bought a potion of curing for 42 gold pieces
  4166 | D:5      | Entered Level 5 of the Dungeon
  4355 | D:5      | Found Sules's General Store.
  4359 | D:5      | Bought a scroll of identify for 28 gold pieces
  4359 | D:5      | Bought a scroll of remove curse for 42 gold pieces
  4372 | D:5      | Found Biv Zempeh's Antique Weapon Boutique.
  4387 | D:5      | Reached skill level 10 in Axes
  4407 | D:5      | Found Wayk's Assorted Antiques.
  4597 | D:5      | Found Rerhoomige's Lightly-Used Armoury.
  4696 | D:5      | Found Kos Hulliat's Gadget Shop.
  4875 | D:5      | Found Nebistruh's Antique Armour Emporium.
  5141 | D:6      | Got a bound platinum amulet
  5160 | D:6      | Noticed Pikel
  5183 | D:6      | Reached XP level 8. HP: 64/64 MP: 7/7
  5197 | D:6      | Killed Pikel
  5336 | D:6      | Noticed Grinder
  5344 | D:6      | Killed Grinder
  5522 | D:6      | Reached **** piety under Trog
  5522 | D:6      | Reached XP level 9. HP: 70/70 MP: 8/8
  5691 | D:7      | Found a runed translucent door.
  5691 | D:7      | Found a staircase to the Ecumenical Temple.
  5691 | D:7      | Noticed exaltech's ghost (novice GnSk)
  5755 | D:7      | Killed exaltech's ghost
  5870 | D:7      | Reached skill level 15 in Axes
  6008 | D:7      | Found an ornate altar of the Wu Jian Council.
  6220 | Temple   | Entered the Ecumenical Temple
  6514 | D:8      | Found a staircase to the Lair.
  6753 | D:8      | Noticed a two-headed ogre
  6757 | D:8      | Killed a two-headed ogre
  6757 | D:8      | Reached XP level 10. HP: 77/77 MP: 9/9
  7032 | D:8      | Found an iron altar of Okawaru.
  7111 | D:8      | Noticed a two-headed ogre
  7114 | D:8      | Killed a two-headed ogre
  7481 | Lair:1   | Entered Level 1 of the Lair of Beasts
  7793 | Lair:1   | Reached XP level 11. HP: 92/92 MP: 10/10
  8718 | Lair:2   | Reached XP level 12. HP: 100/100 MP: 11/11
  8830 | Lair:2   | Reached ***** piety under Trog
  8931 | Lair:2   | Identified the amulet "Relishel" {Gourm MR+ Int+8 Dex-4}
                  | (You found it on level 6 of the Dungeon)
  9700 | Lair:3   | Noticed a seven-headed hydra
  9705 | Lair:3   | Killed a seven-headed hydra
 10051 | Lair:3   | Noticed a four-headed hydra
 10071 | Lair:3   | Killed a six-headed hydra
 10228 | Lair:3   | Found a runed translucent door.
 10535 | Lair:3   | Noticed an entropy weaver
 10546 | Lair:3   | Killed an entropy weaver
 10599 | Lair:3   | Noticed an entropy weaver
 10607 | Lair:3   | Killed an entropy weaver
 10607 | Lair:3   | Reached skill level 10 in Fighting
 10775 | Lair:3   | Reached skill level 10 in Armour
 10779 | Lair:3   | Noticed an entropy weaver
 10786 | Lair:3   | Killed an entropy weaver
 10840 | Lair:3   | Noticed a ghost crab
 10840 | Lair:3   | Noticed a ghost crab
 10850 | Lair:3   | Killed a ghost crab
 11268 | Lair:3   | Got a scorched pewter ring
 11392 | Lair:4   | Identified the ring "Ofopnaex" {rPois rF+ rN+ MR+ Dex+2}
                  | (You found it on level 3 of the Lair of Beasts)
 11410 | Lair:3   | Reached XP level 13. HP: 93/115 MP: 12/12
 12165 | Lair:4   | Found a hole to the Spider Nest.
 12255 | Lair:4   | Found a staircase to the Swamp.
 12761 | Lair:5   | Reached skill level 5 in Dodging
 13798 | Lair:6   | Entered Level 6 of the Lair of Beasts
 13837 | Lair:6   | Noticed Urug
 14042 | Lair:6   | Killed Urug
 14250 | Lair:6   | Noticed a dire elephant
 14250 | Lair:6   | Noticed a dire elephant
 14258 | Lair:6   | Killed a dire elephant
 14339 | Lair:6   | Noticed a dire elephant
 15021 | Lair:6   | Killed a dire elephant
 15027 | Lair:6   | Killed a dire elephant
 15027 | Lair:6   | Reached XP level 14. HP: 130/130 MP: 13/13
 15092 | Lair:6   | Got a warped garnet amulet
 15930 | Lair:6   | Found a runed translucent door.
 15932 | Lair:6   | Found a viscous altar of Jiyva.
 15934 | Lair:6   | Found a staircase to the Slime Pits.
 15945 | Lair:6   | Found a runed translucent gate.
 15946 | Lair:6   | Found a runed translucent gate.
 15947 | Lair:6   | Found a runed translucent gate.
 16034 | Lair:6   | Noticed Exodus22XD's ghost (journeyman MiFi)
 16727 | D:9      | Identified the amulet "Ymoggos" {Gourm *Contam +Inv rF+
                  | Slay+3} (You found it on level 6 of the Lair of Beasts)
 16901 | D:9      | Got a fine battleaxe
 16903 | D:9      | Identified the +3 battleaxe of Midnight {flame, rC- Int+5}
                  | (You found it on level 9 of the Dungeon)
 17058 | D:9      | Found a burning altar of Makhleb.
 17061 | D:9      | Found an iron altar of Okawaru.
 17069 | D:9      | Found a bloodstained altar of Trog.
 17069 | D:9      | Found a stormy altar of Qazlal.
 17069 | D:9      | Found a deep blue altar of Sif Muna.
 17073 | D:9      | Found a basalt altar of Yredelemnul.
 17074 | D:9      | Found a radiant altar of Vehumet.
 17075 | D:9      | Found a shimmering altar of Xom.
 17076 | D:9      | Found a blossoming altar of Fedhas.
 17077 | D:9      | Found a snail-covered altar of Cheibriados.
 17199 | D:9      | Found a staircase to the Orcish Mines.
 17205 | D:9      | Found a roughly hewn altar of Beogh.
 17493 | Orc:1    | Entered Level 1 of the Orcish Mines
 17695 | D:5      | Bought -2 gold dragon scales for 980 gold pieces
 17854 | Orc:1    | Found a flagged portal.
 17865 | Bailey   | Entered a bailey
 18128 | Bailey   | Reached skill level 10 in Dodging
 18132 | Bailey   | Reached skill level 15 in Fighting
 18605 | Orc:1    | Noticed Fannar
 18619 | Orc:1    | Killed Fannar
 18741 | Orc:1    | Found a radiant altar of Vehumet.
 19009 | Orc:2    | Entered Level 2 of the Orcish Mines
 19107 | Orc:2    | Found a staircase to the Elven Halls.
 19195 | Orc:2    | Found a roughly hewn altar of Beogh.
 19353 | Orc:2    | Received a gift from Trog
 19380 | Orc:2    | Found Xasaiwn's Weapon Shoppe.
 19380 | Orc:2    | Found Raja Ugaf's Distillery.
 19408 | Orc:2    | Bought a potion of mutation for 112 gold pieces
 19408 | Orc:2    | Bought a potion of heal wounds for 70 gold pieces
 19408 | Orc:2    | Bought a potion of resistance for 140 gold pieces
 19408 | Orc:2    | Bought a potion of heal wounds for 70 gold pieces
 19435 | Orc:2    | Found a roughly hewn altar of Beogh.
 19522 | Orc:2    | Found Ysafeclogg's Assorted Antiques.
 19522 | Orc:2    | Found Alyiv's Gadget Shop.
 19584 | Orc:2    | Bought a scroll of identify for 50 gold pieces
 19610 | Orc:2    | Noticed Snorg
 19629 | Orc:2    | Killed Snorg
 20462 | D:10     | Entered Level 10 of the Dungeon
 20623 | D:10     | Found Wuzaycai's Antique Weapon Boutique.
 20683 | D:10     | Found a snail-covered altar of Cheibriados.
 21195 | D:10     | Identified a scroll of acquirement
 21470 | D:11     | Received a gift from Trog
 21472 | D:11     | Reached XP level 15. HP: 144/144 MP: 14/14
 22709 | D:12     | Reached ****** piety under Trog
 22991 | D:13     | Received a gift from Trog
 23336 | D:13     | Found a gate to the Vaults.
 23703 | D:13     | Found a runed translucent gate.
 23703 | D:13     | Found a runed translucent gate.
 23703 | D:13     | Found a runed translucent gate.
 23729 | D:13     | Noticed terix's ghost (journeyman HOFi)
 23739 | D:13     | Killed terix's ghost
 24235 | D:14     | Received a gift from Trog
 24904 | D:15     | Entered Level 15 of the Dungeon
 24929 | D:15     | Found a snail-covered altar of Cheibriados.
 25208 | D:15     | Received a gift from Trog
 25208 | D:15     | Reached XP level 16. HP: 137/157 MP: 15/15
 25273 | D:15     | Reached skill level 15 in Armour
 25333 | D:15     | Found a staircase to the Depths.
 25876 | Spider:1 | Entered Level 1 of the Spider Nest
 27871 | Spider:2 | Received a gift from Trog
 28998 | Spider:4 | Entered Level 4 of the Spider Nest
 29092 | Spider:4 | Found a transporter.
 29097 | Spider:4 | Noticed SaintRoka's ghost (adept OgWz)
 29109 | Spider:4 | Found a transporter.
 29123 | Spider:4 | Killed SaintRoka's ghost
 29215 | Spider:4 | Received a gift from Trog
 29215 | Spider:4 | Reached XP level 17. HP: 168/168 MP: 16/16
 30130 | Spider:4 | Got a gossamer rune of Zot
 30376 | Swamp:1  | Entered Level 1 of the Swamp
 30378 | Swamp:1  | Received a gift from Trog
 30387 | Swamp:1  | Noticed Roxanne
 30595 | Swamp:1  | Killed Roxanne
 31797 | Swamp:2  | Received a gift from Trog
 32554 | Swamp:3  | Reached XP level 18. HP: 152/180 MP: 17/17
 32667 | Swamp:3  | Noticed Kirke
 32835 | Swamp:3  | Received a gift from Trog
 32849 | Swamp:3  | Killed Kirke
 33212 | Swamp:4  | Entered Level 4 of the Swamp
 33341 | Swamp:4  | Found a runed translucent door.
 33342 | Swamp:4  | Noticed voshxx's ghost (adept MiFi)
 33402 | Swamp:4  | Killed voshxx's ghost
 33439 | Swamp:4  | Got a faintly glowing battleaxe
 33441 | Swamp:4  | Identified the +4 battleaxe "Parisi" {flame, rPois} (You
                  | found it on level 4 of the Swamp)
 33822 | Swamp:4  | Noticed the 27-headed Lernaean hydra
 34107 | Swamp:3  | Killed the 24-headed Lernaean hydra
 34681 | Swamp:4  | Got a decaying rune of Zot
 34971 | Elf:1    | Entered Level 1 of the Elven Halls
 34978 | Elf:1    | Received a gift from Trog
 35889 | Elf:1    | Noticed a Brimstone Fiend
 35889 | Elf:1    | Received a gift from Trog
 37145 | Elf:2    | Reached XP level 19. HP: 185/190 MP: 18/18
 37165 | Elf:2    | Found a huge runed translucent gate.
 37165 | Elf:2    | Found a huge runed translucent gate.
 37165 | Elf:2    | Found a huge runed translucent gate.
 37165 | Elf:2    | Found a huge runed translucent gate.
 37167 | Elf:2    | Found a huge runed translucent gate.
 38215 | Elf:3    | Entered Level 3 of the Elven Halls
 38363 | Elf:3    | Received a gift from Trog
 39014 | Elf:3    | Noticed eko's ghost (veteran MiBe)
 39268 | Elf:3    | Found a runed translucent gate.
 39268 | Elf:3    | Found a runed translucent gate.
 39269 | Elf:3    | Found a runed translucent gate.
 39514 | Elf:3    | Identified the +10 glaive of Ipsa {freeze, rPois}
 39545 | Elf:3    | Found a radiant altar of Vehumet.
 39547 | Elf:3    | Noticed Bai Suzhen
 39562 | Elf:3    | Killed Bai Suzhen
 39738 | Elf:3    | Identified the cursed +3 falchion of Zin's Castigation
                  | {freeze, rPois MR+ Dex+2}
 39781 | Elf:3    | Received a gift from Trog
 39969 | Elf:3    | Identified the cursed +1 trident "Nower" {pierce, rElec
                  | rC+}
 39969 | Elf:3    | Identified the ring "Leiwn" {rPois Int+3}
 40588 | Elf:3    | Identified the Guide on Attacks and the Voyage
 40924 | Vaults:1 | Entered Level 1 of the Vaults
 41501 | Vaults:1 | Received a gift from Trog
 41870 | Vaults:1 | Reached XP level 20. HP: 166/202 MP: 19/19
 41958 | Vaults:1 | Noticed Saint Roka
 41971 | Vaults:1 | Killed Saint Roka
 42043 | Vaults:1 | Found a portal to a secret trove of treasure.
 42069 | Vaults:1 | You paid a toll of 3 potions of resistance to enter a
                  | treasure trove
 42070 | Trove    | Entered a treasure trove
 42102 | Trove    | Got a crystal executioner's axe
 42107 | Trove    | Got a warped executioner's axe
 42120 | Trove    | Identified the +0 executioner's axe of Qoitay Lychu
                  | {protect, MR+++ Int-5 Dex+4 Stlth-} (You found it in a
                  | treasure trove)
 42121 | Trove    | Identified the +6 executioner's axe of Farihona {chop, rF+}
                  | (You found it in a treasure trove)
 42518 | Vaults:1 | Received a gift from Trog
 42582 | Vaults:1 | Got an encrusted battleaxe {god gift}
 42585 | Vaults:1 | Identified the +12 battleaxe of Dividends {flame, rN+
                  | Int+8} (Trog gifted it to you on level 1 of the Vaults)
 42965 | Vaults:2 | Identified the +7 morningstar of Disharmony {drain, rN+}
 43665 | Vaults:2 | Received a gift from Trog
 43916 | Vaults:3 | Noticed Donald
 43924 | Vaults:3 | Killed Donald
 44902 | Vaults:3 | Received a gift from Trog
 44913 | Vaults:3 | Reached XP level 21. HP: 182/215 MP: 20/20
 44945 | Vaults:3 | Found a staircase to the Crypt.
 46230 | Vaults:4 | Received a gift from Trog
 46436 | Vaults:4 | Got bloodstained shadow dragon scales
 46437 | Vaults:4 | Identified the +3 shadow dragon scales "Locilemp" {rC++
                  | Int+4 Stlth++++} (You found it on level 4 of the Vaults)
 47413 | Vaults:5 | Entered Level 5 of the Vaults
 47427 | Vaults:4 | Received a gift from Trog
 48320 | Vaults:5 | Identified the +10 mace "Embalmer" {flame, Fragile +Fly
                  | rPois Str+5}
 48347 | Vaults:5 | Reached XP level 22. HP: 217/228 MP: 21/21
 48356 | Vaults:5 | Noticed an ancient lich
 48361 | Vaults:5 | Killed an ancient lich
 48702 | Vaults:5 | Received a gift from Trog
 48744 | Vaults:5 | Identified the ring "Eroajugg" {rF+ rC+ Str+3 Dex+8}
 49366 | Vaults:5 | Noticed an ancient lich
 49374 | Vaults:5 | Killed an ancient lich
 49430 | Vaults:5 | Identified the +8 mace of Growth {distort, MR++ MP+9 Dex-4
                  | SInv}
 49723 | Vaults:5 | Noticed an ancient lich
 49727 | Vaults:5 | Killed an ancient lich
 50023 | Vaults:5 | Reached skill level 27 in Axes
 50035 | Vaults:5 | Identified the Incunabulum of the Escort and Malediction
 50502 | Vaults:5 | Received a gift from Trog
 51135 | Vaults:5 | Reached XP level 23. HP: 198/239 MP: 22/22
 51262 | Vaults:5 | Found Conyot's Assorted Antiques.
 51269 | Vaults:5 | Reached skill level 27 in Fighting
 51283 | Vaults:5 | Got a silver rune of Zot
 51346 | Vaults:5 | Bought a scroll of identify for 58 gold pieces
 51346 | Vaults:5 | Bought a potion of curing for 87 gold pieces
 51346 | Vaults:5 | Bought a potion of heal wounds for 145 gold pieces
 51867 | Elf:3    | Killed eko's ghost
 51868 | Elf:3    | Reached skill level 15 in Dodging
 52002 | Orc:2    | Bought a potion of curing for 42 gold pieces
 52002 | Orc:2    | Bought a potion of curing for 42 gold pieces
 52002 | Orc:2    | Bought 2 potions of curing for 84 gold pieces
 52002 | Orc:2    | Bought a potion of heal wounds for 70 gold pieces
 52002 | Orc:2    | Bought a potion of mutation for 112 gold pieces
 52002 | Orc:2    | Bought a potion of curing for 42 gold pieces
 52140 | D:5      | Bought a potion of curing for 66 gold pieces
 52140 | D:5      | Bought a scroll of teleportation for 66 gold pieces
 52140 | D:5      | Bought 2 potions of heal wounds for 220 gold pieces
 52381 | Depths:1 | Entered Level 1 of the Depths
 52418 | Depths:1 | Received a gift from Trog
 52613 | Depths:1 | Noticed a juggernaut
 52624 | Depths:1 | Killed a juggernaut
 52914 | Depths:1 | Found Saaddyocai's Distillery.
 52920 | Depths:1 | Received a gift from Trog
 53019 | Depths:1 | Bought 2 potions of heal wounds for 210 gold pieces
 53019 | Depths:1 | Bought a potion of resistance for 210 gold pieces
 53019 | Depths:1 | Bought a potion of heal wounds for 105 gold pieces
 53033 | Depths:1 | Identified the amulet of Xom's Approval {Acrobat *Drain
                  | rElec MR+++ Dex-3} (You found it on level 1 of the Depths)
 53068 | Depths:1 | Gained mutation: You are clumsy. (Dex -2) [mutagenic glow]
 53267 | Depths:1 | Found a runed translucent door.
 53272 | Depths:1 | Found a shimmering altar of Xom.
 53272 | Depths:1 | Noticed Ohouptodd's ghost (adept HuCj)
 53344 | Depths:1 | Killed Ohouptodd's ghost
 53351 | Depths:1 | Got a scorched executioner's axe
 53356 | Depths:1 | Identified the +8 executioner's axe of the Hero {freeze,
                  | *Slow MR+ Str+3 Int+4} (You found it on level 1 of the
                  | Depths)
 53414 | Depths:1 | Found a runed translucent door.
 53415 | Depths:1 | Noticed a caustic shrike
 53418 | Depths:1 | Found a runed translucent door.
 53419 | Depths:1 | Found a runed translucent door.
 53451 | Depths:1 | Got a translucent turquoise ring
 53453 | Depths:1 | Identified the ring "Ylomn" {MR+ MP+9 Int+4 Dex+3 Stlth+}
                  | (You found it on level 1 of the Depths)
 53865 | Depths:1 | Found a gateway to Hell.
 54032 | Depths:1 | Found a runed translucent door.
 54238 | Depths:1 | Paralysed by a floating eye for 2 turns
 54391 | Depths:2 | Noticed Aizul
 54397 | Depths:2 | Killed Aizul
 54428 | Depths:2 | Noticed Nikola
 54460 | Depths:2 | Killed Nikola
 54558 | Depths:2 | Received a gift from Trog
 54708 | Depths:2 | Identified the +12 short sword of the Pillar {protect,
                  | Int+4}
 54795 | Depths:2 | Found a white marble altar of Elyvilon.
 54795 | Depths:2 | Found a glowing golden altar of the Shining One.
 54795 | Depths:2 | Found a glowing silver altar of Zin.
 55004 | Depths:2 | Reached XP level 24. HP: 235/249 MP: 22/22
 55660 | Depths:3 | Received a gift from Trog
 56016 | Depths:3 | Found a gateway to a ziggurat.
 56130 | Depths:3 | Found a one-way gate leading to the halls of Pandemonium.
 56240 | Depths:3 | Found a radiant altar of Vehumet.
 56549 | Depths:3 | Paralysed by a floating eye for 3 turns
 56563 | Depths:3 | Identified the ring of Ycraajeoss {rC+ rN+}
 56910 | Depths:3 | Received a gift from Trog
 56958 | Depths:4 | Found a one-way gate to the infinite horrors of the Abyss.
 58049 | Depths:4 | Received a gift from Trog
 58104 | Depths:4 | Identified Lauhesar's Tome of Dislocated Earth
 58395 | Depths:5 | Entered Level 5 of the Depths
 58407 | Depths:5 | Reached XP level 25. HP: 257/257 MP: 22/22
 58503 | Depths:5 | Noticed an ancient lich
 58518 | Depths:5 | Killed an ancient lich
 58583 | Depths:5 | Noticed Xtahua
 58601 | Depths:5 | Killed Xtahua
 58673 | Depths:5 | Noticed an ancient lich
 58699 | Depths:5 | Killed an ancient lich
 59032 | Depths:5 | Received a gift from Trog
 59050 | Depths:5 | Found a gate to the Realm of Zot.
 59766 | Zot:1    | Entered Level 1 of the Realm of Zot
 59820 | Zot:1    | Reached skill level 27 in Armour
 60529 | Zot:1    | Reached XP level 26. HP: 266/266 MP: 22/22
 60815 | Zot:2    | Received a gift from Trog
 63015 | Zot:4    | Received a gift from Trog
 63866 | Zot:4    | Got a translucent iron ring
 64078 | Zot:4    | Identified the ring of Yxebb {Str+6 Dex+3} (You found it on
                  | level 4 of the Realm of Zot)
 64617 | Zot:5    | Entered Level 5 of the Realm of Zot
 64627 | Zot:5    | Reached XP level 27. HP: 255/273 MP: 22/22
 65033 | Zot:5    | Noticed an ancient lich
 65049 | Zot:5    | Killed an ancient lich
 65580 | Zot:5    | Noticed an orb of fire
 65589 | Zot:5    | Noticed an ancient lich
 65592 | Zot:5    | Killed an orb of fire
 65595 | Zot:5    | Reached skill level 27 in Dodging
 65597 | Zot:5    | Reached skill level 1 in Evocations
 65609 | Zot:5    | Killed an ancient lich
 65666 | Zot:5    | Gained mutation: You do not regenerate when monsters are
                  | visible. [mutagenic glow]
 65964 | Zot:5    | Reached skill level 5 in Evocations
 65966 | Zot:5    | Noticed an ancient lich
 65969 | Zot:5    | Noticed an orb of fire
 65973 | Zot:5    | Paralysed by the power of Zot for 5 turns
 65982 | Zot:5    | Killed an ancient lich
 65986 | Zot:5    | Killed an orb of fire
 66303 | Zot:5    | Noticed an orb of fire
 66305 | Zot:5    | Noticed an orb of fire
 66323 | Zot:5    | Gained mutation: You tend to lose your temper in combat.
                  | [an orb of fire]
 66324 | Zot:5    | Paralysed by the power of Zot for 2 turns
 66324 | Zot:5    | Gained mutation: You are very clumsy. (Dex -4) [an orb of
                  | fire]
 66329 | Zot:5    | Gained mutation: Your magical capacity is low. (-10% MP)
                  | [an orb of fire]
 66329 | Zot:5    | Noticed an orb of fire
 66333 | Zot:5    | Killed an orb of fire
 66337 | Zot:5    | Killed an orb of fire
 66337 | Zot:5    | Reached skill level 10 in Evocations
 66348 | Zot:5    | Killed an orb of fire
 66351 | Zot:5    | Noticed an ancient lich
 66358 | Zot:5    | Lost mutation: You are very clumsy. (Dex -4) [the power of
                  | Zot]
 66370 | Zot:5    | Noticed an ancient lich
 66377 | Zot:5    | Killed an ancient lich
 66394 | Zot:4    | Killed an ancient lich
 66807 | Zot:5    | Received a gift from Trog
 66980 | Zot:5    | Got the Orb of Zot
 67003 | Zot:5    | Noticed Nem Muel the pandemonium lord
 67102 | Zot:2    | Killed Nem Muel the pandemonium lord
 67209 | Depths:3 | Noticed Okaercho the pandemonium lord
 67732 | D:$      | Escaped with the Orb!

Skill      XL: |  1  2  3  4  5  6  7  8  9 10 11 12 13 14 15 16 17 18 19 20 21 22 23 24 25 26 27 |
---------------+----------------------------------------------------------------------------------+-----
Axes           | 4 5 7 8 9 11 13 16 18 19 20 21 22 23 24 25 26 27 | 27.0
Fighting       | 7 10 13 16 17 19 20 21 22 24 25 26 27 | 27.0
Armour         | 6 10 11 12 14 16 18 19 20 22 23 25 27 | 27.0
Dodging        | 8 10 12 14 17 19 22 25 27 | 27.0
Evocations     | 13 | 13.6

Action                   |  1- 3 |  4- 6 |  7- 9 | 10-12 | 13-15 | 16-18 | 19-21 | 22-24 | 25-27 || total
-------------------------+-------+-------+-------+-------+-------+-------+-------+-------+-------++-------
Melee: Hand axe          |    59 |    79 |       |       |       |       |       |       |       ||   138
       Headbutt          |     6 |    19 |    30 |    32 |   156 |   234 |   243 |   300 |   298 ||  1318
       War axe           |       |    41 |    47 |       |       |       |       |       |       ||    88
       Battleaxe         |       |       |   126 |   201 |   901 |   989 |   258 |       |       ||  2475
       Executioner's axe |       |       |       |       |       |       |   610 |   948 |   857 ||  2415
Invok: Berserk           |     1 |     3 |     3 |     4 |    10 |     7 |     6 |     3 |     1 ||    38
       Trog's Hand       |       |     1 |     1 |     3 |    11 |     8 |    11 |     5 |       ||    40
       Brothers in Arms  |       |       |       |     2 |     5 |     1 |     3 |     1 |     2 ||    14
Evoke: Wand              |       |       |       |     1 |     3 |       |       |       |     6 ||    10
  Use: Scroll            |       |       |    20 |     6 |    19 |    12 |    18 |    14 |     5 ||    94
       Potion            |       |       |       |     3 |     3 |     4 |     1 |     6 |    16 ||    33
 Stab: Sleeping          |     2 |       |       |       |       |       |       |       |       ||     2
       Petrified         |       |       |       |       |     1 |       |       |       |       ||     1
       Distracted        |       |       |       |       |       |     1 |     1 |     2 |       ||     4
  Eat: Chunk             |     3 |     6 |    13 |    34 |    70 |    49 |    47 |    26 |     4 ||   252
       Ration            |       |     1 |       |     1 |       |       |       |     3 |     9 ||    14
Armor: Animal skin       |     5 |       |       |       |       |       |       |       |       ||     5
       Plate armour      |       |    56 |    95 |   101 |   223 |       |       |       |       ||   475
       Gold dragon scale |       |       |       |       |   387 |   984 |   561 |   539 |   593 ||  3064
Dodge: Dodged            |    41 |    46 |    62 |    58 |   442 |   586 |   468 |   749 |  1006 ||  3458
